 Dungeon Crawl Stone Soup version 0.26-a0-708-g17f3b190f9 (webtiles) character file.

Game seed: 1077806041015349781

100 OTABOTABOTAB the Insei (level 4, -4/28 HPs)
             Began as an Octopode Transmuter on Oct 29, 2020.
             Killed by nerve-wracking pain
             ... invoked by Grinder
              (14 damage)
             ... while paralysed by Grinder
             ... on level 3 of the Dungeon.
             The game lasted 00:05:38 (2709 turns).

OTABOTABOTAB the Insei (Octopode Transmuter)        Turns: 2709, Time: 00:05:39

Health: -4/28      AC:  5    Str: 10    XL:     4   Next: 73%
Magic:  5/7        EV:  2    Int: 15    God:
Gold:   139        SH:  0    Dex: 12    Spells: 1/7 levels left

rFire    . . .     SeeInvis .     - Unarmed
rCold    . . .     Faith    .   (no shield)
rNeg     . . .     Spirit   .   (helmet currently unavailable)
rPois    .         Reflect  .   (no amulet)
rElec    .         Harm     .   j - +4 ring of protection
rCorr    .         Rampage  .   (no ring)
MR       .....                  (no ring)
Stlth    ++........             (no ring)
HPRegen  0.09/turn              (no ring)
MPRegen  0.10/turn              (no ring)
                                (no ring)
                                (no ring)

@: paralysed, appendages (expiring), wereblooded
A: almost no armour, stealthy swim, amphibious, 8 rings, constrict 8, tentacle
spike 3, camouflage 1, gelatinous body 1
a: End Transformation


You were on level 3 of the Dungeon.
One of your tentacles had a temporary spike.
You visited 1 branch of the dungeon, and saw 3 of its levels.

You collected 139 gold pieces.

Inventory:

Hand Weapons
 r - a +0 hunting sling
   (You took it off a goblin on level 3 of the Dungeon)
Missiles
 c - 115 stones (quivered)
 d - 37 poisoned darts
 m - a throwing net {=f, !d}
Armour
 q - a +2 buckler
   (You found it on level 2 of the Dungeon)
Jewellery
 j - a +4 ring of protection (left tentacle)
   (You found it on level 1 of the Dungeon)
Scrolls
 b - 7 scrolls of identify {unknown}
 e - a scroll of amnesia {unknown}
 f - a scroll of teleportation {unknown}
 h - a scroll of magic mapping {unknown}
 o - a scroll of enchant weapon {unknown}
 p - a scroll of remove curse {unknown}
Potions
 a - 2 potions of stabbing {unknown}
 g - a potion of invisibility {unknown}
 i - 2 potions of magic {unknown}
 k - 2 potions of curing {unknown}
 l - 2 potions of mutation {unknown}
 n - a potion of haste {unknown}


   Skills:
 - Level 1.0 Fighting
 - Level 2.0 Dodging
 + Level 3.9 Unarmed Combat
 - Level 2.0 Spellcasting
 + Level 3.2 Transmutations
 * Level 2.4 Poison Magic


You had one spell level left.
You knew the following spells:

 Your Spells              Type           Power        Failure   Level
a - Wereblood             Tmut           ##......     9%          2
c - Spider Form           Tmut/Pois      ##........   21%         3
z - Beastly Appendage     Tmut           ##....       6%          1

Your spell library contained the following spells:

 Spells                   Type           Power        Failure   Level
 Ice Form                 Ice/Tmut       #.......     75%         4
 Blade Hands              Tmut           ##........   85%         5


Dungeon Overview and Level Annotations

Branches:
Dungeon (3/15)

Altars:
Fedhas

Annotations:
D:3 Grinder


Innate Abilities, Weirdness & Mutations

You cannot wear most types of armour.
You are very stealthy in the water. (Stealth+)
You are amphibious.
You can wear up to eight rings at the same time.
You can use your tentacles to constrict eight enemies at once.
Your skin changes colour to match your surroundings (Stealth+).
Your rubbery body absorbs attacks. (AC +1, EV +1)
One of your tentacles bears a large vicious spike.


Message History

Okay, then.
You now have 139 gold pieces (gained 11).
You see here a robe.
A goblin comes into view. It is wielding a +0 dagger.
You throw a stone. The stone hits the goblin.
The goblin unwields a +0 dagger.
The goblin wields a +0 hunting sling.
The goblin shoots a stone.
The stone hits you.
You take 2 damage, and have 26/28 hp.
You throw a stone. The stone closely misses the goblin.
You throw a stone. The stone hits the goblin.
The goblin shoots a stone.
The stone misses you.
You throw a stone. The stone misses the goblin.
The goblin shoots a stone.
The stone misses you.
You throw a stone. The stone barely misses the goblin.
The goblin shoots a stone.
The stone closely misses you.
You throw a stone. The stone closely misses the goblin.
You tentacle-slap the goblin.
You kill the goblin!
No target in view!
c - 106 stones (gained 10)
Things that are here:
a +0 hunting sling; a +0 dagger; a goblin corpse
r - a +0 hunting sling
c - 107 stones (gained 1)
Things that are here:
a +0 dagger; a goblin corpse
c - 112 stones (gained 5)
Things that are here:
a +0 dagger; a goblin corpse
c - 115 stones (gained 3)
You see here a long sword.
i - 2 yellow potions (gained 1)
Found a stone staircase leading down.
Health restored: 28
Found a stone staircase leading up.
A quokka, an orc and Grinder come into view.
Grinder shouts!
Grinder gestures at you.
You suddenly lose the ability to move!
The orc shouts!
Grinder gestures at you.
You shrug off the repeated paralysis!
The quokka bites you but does no damage.
You can move again.
You barely miss the quokka. Your grab misses the quokka.
You squeeze the quokka, but do no damage.
The quokka bites you but does no damage.
One of your tentacles grows a vicious spike.
The quokka bites you. x2
You take 6 damage, and have 22/28 hp.
MASSIVE DAMAGE!!
You now have 6/7 mp.
Your blood is infused with primal strength.
The orc misses you. The quokka barely misses you.
You now have 4/7 mp.
You tentacle-slap the quokka but do no damage.
You grab the quokka. Your squeeze misses the quokka. You constrict the quokka.
The orc completely misses you. The quokka misses you.
You bludgeon the quokka!
You kill the quokka!
Grinder blinks!
The orc barely misses you.
You barely miss the orc. Your grab misses the orc. The orc barely misses you.
You tentacle-slap the orc. Your grab misses the orc.
You howl as the wereblood boils in your veins!
You closely miss the orc. Your grab misses the orc.
You pierce the orc.
The orc hits you but does no damage.
You closely miss the orc. You grab the orc.
You squeeze the orc, but do no damage. You constrict the orc.
You kill the orc!
Grinder gestures at you.
You barely resist.
You see here a quokka corpse.
You howl as the wereblood boils in your veins!
Grinder hits you.
You writhe in agony.
You take 3 damage, and have 20/28 hp.
You tentacle-slap Grinder. You grab Grinder.
You howl as the wereblood boils in your veins!
You constrict Grinder. Grinder hits you but does no damage.
You barely miss Grinder.
Your transformation is almost over.
You constrict Grinder, but do no damage.
Grinder hits you.
You writhe in agony.
You take 11 damage, and have 9/28 hp.
MASSIVE DAMAGE!!
You tentacle-slap Grinder.
You pierce Grinder, but do no damage.
You constrict Grinder. Grinder completely misses you.
You tentacle-slap Grinder.
You pierce Grinder.
You constrict Grinder, but do no damage.
Grinder closely misses you.
You tentacle-slap Grinder. You squeeze Grinder. You constrict Grinder.
Grinder gestures at you.
You barely resist. You tentacle-slap Grinder. You constrict Grinder.
Grinder gestures at you.
You suddenly lose the ability to move!
You lose your grip on Grinder.
You howl as the wereblood boils in your veins!
Grinder gestures at you. Pain shoots through your body!
Ouch! That really hurt!
You die...

.# # ###.### #.
#.....#
#.##.....###
#..........
###....$...#
......5(...#
#@.# #†)# #..#
# #..# .#
#.######.##.#
##.###(.......
##.........#
.......###.####
##...#.###.#


You could see Grinder.

Vanquished Creatures
  3 gnolls (D:2)
  An adder (D:2)
  An ooze (D:2)
  4 worms (D:2)
  A dart slug (D:1)
  An orc (D:3)
  2 bats
  2 giant cockroaches (D:1)
  7 goblins
  5 hobgoblins
  4 jackals (D:1)
  5 kobolds
  A quokka (D:3)
  4 frilled lizards
  2 rats
43 creatures vanquished.

Notes
Turn   | Place    | Note
-------+----------+-------------------------------------------
     0 | D:1      | OTABOTABOTAB the Octopode Transmuter began the quest for
                  | the Orb.
     0 | D:1      | Reached XP level 1. HP: 13/13 MP: 3/3
   173 | D:1      | Reached XP level 2. HP: 18/18 MP: 3/5
   617 | D:1      | Reached XP level 3. HP: 19/23 MP: 4/6
  1119 | D:2      | Learned a level 2 spell: Wereblood
  1123 | D:2      | Learned a level 3 spell: Spider Form
  1305 | D:2      | Found a blossoming altar of Fedhas.
  1494 | D:2      | Reached skill level 3 in Transmutations
  1494 | D:2      | Reached skill level 1 in Poison Magic
  1812 | D:2      | Reached XP level 4. HP: 10/28 MP: 7/7
  2137 | D:2      | Reached skill level 2 in Poison Magic
  2688 | D:3      | Noticed Grinder
  2688 | D:3      | Paralysed by Grinder for 4 turns
  2708 | D:3      | Paralysed by Grinder for 4 turns
  2709 | D:3      | Killed from afar by Grinder

Illustrated notes

Levels and vault maps discovered:
D:1:      dpeg_arrival_line_fractal, layout_basic
D:2:      layout_basic, st_stairs_7, fedhas_altar_1
D:3:      layout_loops_ring, nicolae_ru_path_of_blood, uniq_grinder

Skill      XL: |  1  2  3  4 |
---------------+-------------+-----
Transmutations | 3 |  3.2
Poison Magic   | 1 2 |  2.4
Fighting       | |  1.0
Dodging        | |  2.0
Unarmed Combat | |  3.9
Spellcasting   | |  2.0

Action                   |  1- 3 |  4- 6 || total
-------------------------+-------+-------++-------
Melee: Unarmed           |    68 |    30 ||    98
       Constrict         |    21 |     8 ||    29
       Kick              |    10 |     7 ||    17
       Tentacles         |    13 |     6 ||    19
       Punch             |     1 |     1 ||     2
Throw: Stone             |    56 |    24 ||    80
 Cast: Beastly Appendage |     9 |     4 ||    13
       Wereblood         |       |     1 ||     1
Armor: Skin              |     2 |     6 ||     8
Dodge: Dodged            |    20 |    19 ||    39

Table legend: (Time is in decaauts)
 A = Elapsed time spent in this place.
 B = Non-inter-level travel time spent in this place.
 C = Inter-level travel time spent in this place.
 D = Time resting spent in this place.
 E = Time spent auto-exploring this place.
 F = Levels seen in this place.
 G = Mean time per level.
                   A        B        C        D        E       F      G
               +--------+--------+--------+--------+--------+-----+--------+
         Total |   2708 |   2659 |     49 |    426 |   1900 |   3 |  902.7 |
       Dungeon |   2708 |   2659 |     49 |    426 |   1900 |   3 |  902.7 |
               +--------+--------+--------+--------+--------+-----+--------+

Top non-repeatable levels by time:
     D:2: 1440 daAuts
     D:1: 1111 daAuts
     D:3: 156 daAuts

Table legend:
 A = Kills in this place as a percentage of kills in entire the game.
 B = Kills by you in this place as a percentage of kills by you in the entire game.
 C = Kills by friends in this place as a percentage of kills by friends in the entire game.
 D = Other kills in this place as a percentage of other kills in the entire game.
 E = Experience gained in this place as a percentage of experience gained in the entire game.
 F = Experience gained in this place divided by the number of levels of this place that you have seen.
                   A       B       C       D       E      F
               +-------+-------+-------+-------+-------+----------------------
         Total | 100.0 | 100.0 |   N/A |   N/A | 100.0 |  47.7
       Dungeon | 100.0 | 100.0 |   N/A |   N/A | 100.0 |  47.7
               +-------+-------+-------+-------+-------+----------------------
